AoeStats
← KKKabrera

Baltic

510332536Analyzed
3v3 RM · 1d ago on Sep 30, 2026· 79m 3s· 6 players
Game mode
Random Map
Map size
Normal (6 player)
Population
200
Speed
Normal
Resources
Standard
Victory
Conquest
Starting age
Dark Age
Ending age
Imperial Age
RankedLock teamsTeams togetherTeam positionsShared explorationLock speedFull tech treeHidden civsTurbo modeCheats
Victory
Defeat
🇩🇪 Armenians · Germany
621
+17
🇬🇧 Dravidians · United Kingdom
605
+18
🇨🇱 Inca · Chile
553
+20
🇹🇼 Chinese · Taiwan
701
-20
🇹🇼 Teutons · Taiwan
701
-21
🇨🇳 Ethiopians · China
543
-14
KKKabrera
1:11 Loom
16:54 Feudal Age
18:14 Double-Bit Axe
18:13 Horse Collar
18:23 Town Watch
19:44 Wheelbarrow
21:30 Fishing Lines
21:26 Champi Runner
22:08 Arson
23:00 Gold Mining
23:05 Stone Mining
28:06 Castle Age
27:47 Scale Mail Armor
28:02 Forging
27:55 Padded Archer Armor
27:46 Fletching
28:11 Champi Warrior
29:15 Bow Saw
29:09 Heavy Plow
29:27 Squires
29:53 Town Patrol
30:50 Thumb Ring
32:21 Hand Cart
32:34 Leather Archer Armor
34:30 Medium Warships
34:11 Gillnets
34:59 Bodkin Arrow
39:16 Imperial Age
38:04 Gold Shaft Mining
38:06 Stone Shaft Mining
38:21 Elite Skirmisher
38:22 Crossbowman
39:39 Iron Casting
39:20 Chain Mail Armor
39:24 Murder Holes
39:44 Masonry
41:28 Onager
43:03 Elite Kamayuk
44:48 Bracer
45:48 Blast Furnace
45:24 Crop Rotation
45:38 Caravan
48:49 Redemption
51:08 Chemistry
50:19 Siege Engineers
50:36 Ballistics
50:48 Conscription
54:58 Guilds
56:17 Hoardings
55:30 Arbalester
55:36 Elite Champi Warrior
61:02 Andean Sling
61:02 Fabric Shields
63:23 Heavy Scorpion
68:30 Ring Archer Armor
69:01 Blast Furnace
68:32 Plate Mail Armor
68:25 Block Printing
68:15 Herbal Medicine
68:06 Treadmill Crane
68:49 Shipwright
68:40 Clinker Construction
68:40 Careening
69:01 Heavy Warships
70:22 Sappers
GiulioSalmo
0:28 Loom
10:34 Feudal Age
11:02 Town Watch
11:53 Double-Bit Axe
13:20 Fishing Lines
13:57 Scale Mail Armor
15:02 Forging
15:53 Arson
15:30 Man-at-Arms
18:16 Gold Mining
18:23 Long Swordsman
19:27 Pikeman
23:35 Stone Mining
29:11 Wheelbarrow
30:40 Castle Age
29:16 Wheelbarrow
30:42 Horse Collar
31:38 Squires
32:17 Bow Saw
33:16 Gambesons
33:52 Two-Handed Swordsman
36:19 Chain Mail Armor
37:15 Fervor
38:43 Gillnets
39:48 Heavy Plow
40:45 Town Patrol
41:40 Sanctity
42:06 Murder Holes
42:53 Iron Casting
45:37 Hand Cart
45:42 Champion
47:56 Caravan
48:43 Coinage
48:54 Guard Tower
50:50 Gold Shaft Mining
55:53 Padded Archer Armor
55:44 Fletching
56:11 Halberdier
58:09 Ballistics
57:30 Treadmill Crane
61:59 Imperial Age
60:14 Cilician Fleet
60:25 Medium Warships
62:37 Masonry
62:19 Heated Shot
62:47 Leather Archer Armor
63:22 Conscription
62:23 Elite Composite Bowman
64:16 Fereters
63:35 Capped Ram
64:50 Block Printing
66:23 Hoardings
65:54 Siege Ram
68:09 Ring Archer Armor
68:41 Blast Furnace
69:45 Onager
71:50 Heavy Scorpion
73:45 Heavy Warships
74:43 Chemistry
HolyKanolie
0:27 Loom
14:31 Feudal Age
15:48 Wheelbarrow
14:58 Town Watch
14:59 Fishing Lines
15:16 Double-Bit Axe
19:33 Horse Collar
23:09 Castle Age
22:14 Fletching
22:35 Forging
22:30 Scale Barding Armor
22:35 Padded Archer Armor
22:50 Gold Mining
24:19 Bow Saw
24:12 Heavy Plow
24:26 Gillnets
28:55 Hand Cart
30:11 Town Patrol
30:51 Leather Archer Armor
30:32 Bodkin Arrow
30:39 Scale Mail Armor
31:26 Medical Corps
33:42 Fortified Wall
33:29 Murder Holes
33:45 Masonry
33:27 Guard Tower
36:56 Imperial Age
35:11 Ballistics
35:03 Light Cavalry
35:45 Husbandry
35:19 Elite Skirmisher
37:03 Elite Elephant Archer
38:14 Conscription
38:32 Hoardings
39:52 Two-Man Saw
39:25 Ring Archer Armor
38:56 Bracer
39:03 Stone Mining
40:22 Chain Mail Armor
40:44 Iron Casting
40:30 Chain Barding Armor
42:15 Keep
41:25 Arrowslits
42:41 Chemistry
44:27 Wootz Steel
51:54 Plate Mail Armor
52:25 Blast Furnace
51:51 Bombard Tower
52:59 Guilds
52:50 Caravan
Ming
9:38 Feudal Age
10:04 Double-Bit Axe
11:47 Horse Collar
19:09 Castle Age
20:00 Bow Saw
22:06 Stone Mining
22:44 Squires
24:24 Stone Shaft Mining
24:05 Gold Mining
24:20 Heavy Plow
24:33 Gold Mining
30:40 Imperial Age
30:13 Padded Archer Armor
30:05 Fletching
30:47 Thumb Ring
30:04 Crossbowman
32:44 Chemistry
33:01 Gold Shaft Mining
34:44 Two-Man Saw
34:07 Caravan
34:22 Arbalester
36:21 Leather Archer Armor
36:02 Bodkin Arrow
36:44 Husbandry
36:54 Scale Barding Armor
36:49 Scale Mail Armor
37:33 Ballistics
39:27 Caravan
41:30 Royal Heirs
41:51 Conscription
42:48 Bracer
43:20 Ring Archer Armor
43:13 Chain Barding Armor
43:11 Forging
43:09 Heavy Scorpion
44:05 Heavy Camel Rider
46:46 Fortified Wall
48:35 Iron Casting
49:39 Town Watch
50:59 Masonry
52:35 Halberdier
55:00 Torsion Engines
58:56 Blast Furnace
harrison820
11:21 Feudal Age
13:51 Double-Bit Axe
18:18 Stone Mining
18:21 Gold Mining
22:39 Castle Age
21:18 Stone Mining
21:21 Gold Mining
21:55 Fishing Lines
22:46 Light Cavalry
26:45 Bloodlines
26:36 Husbandry
27:15 Bow Saw
27:22 Horse Collar
28:30 Padded Archer Armor
28:38 Scale Barding Armor
30:02 Wheelbarrow
30:17 Stone Shaft Mining
30:28 Gold Shaft Mining
30:29 Chain Barding Armor
32:26 Coinage
32:38 Heavy Plow
33:30 Scale Mail Armor
33:41 Forging
33:34 Caravan
34:35 Padded Archer Armor
40:13 Imperial Age
39:19 Hand Cart
40:55 Chain Mail Armor
41:15 Iron Casting
41:18 Conscription
40:39 Cavalier
42:15 Banking
43:02 Two-Man Saw
42:54 Elite Chu Ko Nu
45:58 Heavy Rocket Cart
48:48 Rocketry
58:20 Masonry
59:10 Chemistry
60:35 Pikeman
62:38 Plate Barding Armor
62:33 Plate Mail Armor
63:04 Blast Furnace
62:20 Leather Archer Armor
62:44 Architecture
66:34 Murder Holes
68:51 Ring Archer Armor
68:12 Fletching
wen820323
10:46 Feudal Age
12:11 Double-Bit Axe
20:07 Loom
20:44 Scale Barding Armor
22:36 Man-at-Arms
26:23 Castle Age
30:05 Bow Saw
31:31 Bow Saw
40:33 Wheelbarrow
46:04 Long Swordsman
46:04 Pikeman
46:31 Gambesons
46:46 Squires
46:33 Arson
52:47 Imperial Age
53:45 Scale Mail Armor
53:55 Forging
54:55 Two-Man Saw
54:04 Halberdier
55:59 Halberdier
60:36 Chain Mail Armor
60:57 Iron Casting
64:43 Two-Handed Swordsman
67:37 Hand Cart
Connection lost

Rejoining the realm…

Still unreachable

The connection could not be restored.

Session expired

The server has moved on; the page needs a fresh start.